AoeStats
← vfbjakob123

Black Forest

509315516Analyzed
2v2 RM · 5d ago on Sep 26, 2026· 41m 50s· 4 players
Game mode
Random Map
Map size
Medium (4 player)
Population
200
Speed
Normal
Resources
Standard
Victory
Conquest
Starting age
Dark Age
Ending age
Imperial Age
RankedLock teamsTeams togetherTeam positionsShared explorationLock speedFull tech treeHidden civsTurbo modeCheats
Victory
Defeat
🇩🇪 Persians · Germany
911
+19
🇩🇪 Italians · Germany
907
+19
🇬🇧 Mongols · United Kingdom
982
-41
🇪🇸 Vikings · Spain
972
-19
ROKET_RS7
0:26 Loom
12:25 Feudal Age
18:18 Castle Age
17:28 Double-Bit Axe
17:27 Horse Collar
19:30 Bow Saw
23:39 Heavy Plow
30:04 Imperial Age
27:32 Gold Mining
28:58 Fortified Wall
29:20 Padded Archer Armor
29:11 Fletching
29:42 Crossbowman
30:40 Stone Mining
31:25 Crop Rotation
30:59 Arbalester
32:49 Gold Shaft Mining
32:55 Ballistics
33:35 Chemistry
32:16 Treadmill Crane
32:54 Leather Archer Armor
32:34 Bodkin Arrow
33:38 Forging
36:08 Two-Man Saw
35:24 Caravan
37:31 Conscription
37:12 Bodkin Arrow
36:40 Pikeman
37:20 Squires
40:05 Ring Archer Armor
39:36 Bracer
39:36 Scale Mail Armor
40:12 Iron Casting
39:54 Light Cavalry
40:49 Elite Skirmisher
41:33 Cavalier
bambino.dolphino
21:04 Feudal Age
27:34 Castle Age
25:53 Horse Collar
27:34 Loom
28:26 Wheelbarrow
27:40 Double-Bit Axe
29:15 Stone Mining
29:16 Gold Mining
33:55 Squires
33:16 Pikeman
35:41 Scale Mail Armor
vfbjakob123
11:44 Feudal Age
11:13 Loom
11:21 Loom
18:08 Castle Age
16:25 Double-Bit Axe
16:22 Horse Collar
21:43 Bow Saw
23:03 Heavy Plow
26:51 Gold Mining
27:57 Wheelbarrow
28:47 Elite Skirmisher
29:35 Thumb Ring
29:33 Padded Archer Armor
29:24 Fletching
29:58 Ballistics
30:05 Hand Cart
30:10 Stone Mining
36:22 Imperial Age
33:45 Town Watch
35:36 Leather Archer Armor
35:16 Bodkin Arrow
38:49 Chemistry
40:34 Ring Archer Armor
40:07 Bracer
Peter_Lustig
1:38 Loom
13:10 Feudal Age
17:32 Castle Age
15:54 Double-Bit Axe
16:26 Horse Collar
17:45 Wheelbarrow
17:08 Town Watch
18:43 Bow Saw
19:02 Heavy Plow
21:44 Gold Mining
23:03 Husbandry
26:33 Gold Shaft Mining
25:49 Stone Mining
26:48 Bloodlines
28:43 Stone Shaft Mining
27:46 Light Cavalry
28:35 Scale Barding Armor
28:43 Forging
29:11 Hand Cart
31:39 Iron Casting
31:25 Chain Barding Armor
34:45 Imperial Age
34:28 Cavalier
35:55 Plate Barding Armor
36:21 Blast Furnace
35:12 Hussar
36:28 Savar
40:05 Scale Mail Armor
Connection lost

Rejoining the realm…

Still unreachable

The connection could not be restored.

Session expired

The server has moved on; the page needs a fresh start.